 Dungeon Crawl Stone Soup version 0.20.0-15-g7f486f2 (webtiles) character file.

70 lemmily the Sneak (level 4, -7/21 HPs)
             Began as a Spriggan Venom Mage on June 22, 2017.
             Splashed by a jelly's acid (10 damage)
             ... on level 3 of the Dungeon.
             The game lasted 00:16:24 (2035 turns).

lemmily the Sneak (Spriggan Venom Mage)             Turns: 2035, Time: 00:16:25

Health: -7/21      AC:  2    Str:  5    XL:     4   Next: 4%
Magic:  9/10       EV: 19    Int: 16    God:
Gold:   85         SH:  0    Dex: 16    Spells: 8/9 levels left

rFire    . . .     SeeInvis +   j - +0 dagger (venom)
rCold    . . .     Gourm    .   (shield restricted)
rNeg     . . .     Faith    .   a - +0 robe
rPois    .         Spirit   .   (helmet restricted)
rElec    .         Reflect  .   (no cloak)
rCorr    .         Harm     .   (gloves unavailable)
MR       .....                  (boots unavailable)
Stlth    +++.......             (no amulet)
Regen    0.1/turn               (no ring)
MPRegen  0.2/turn               (no ring)

@: flying, very quick
A: unfitting armour, see invisible, herbivore 3, speed 3, slow metabolism 2
a: no special abilities


You were on level 3 of the Dungeon.
You were not hungry.

You visited 1 branch of the dungeon, and saw 3 of its levels.

You collected 85 gold pieces.

Inventory:

Hand Weapons
 g - a +0 club
 j - a +0 dagger of venom (weapon)
 l - a +0 dagger
Missiles
 d - 25 arrows
 i - 26 stones (quivered)
 m - 10 poisoned needles
Armour
 a - a +0 robe (worn)
 k - a +0 robe
Scrolls
 e - a scroll of remove curse {unknown}
 n - a scroll of identify {unknown}
 o - 2 scrolls of teleportation {unknown}
 q - a scroll of random uselessness {unknown}
Potions
 f - a potion of magic {unknown}
 h - a potion of cancellation
 p - a potion of flight
Books
 b - a Young Poisoner's Handbook

   Spells                             Type                      Level
   a - Sting                          Conjuration/Poison           1
   b - Poisonous Vapours              Poison/Air                   2
   c - Mephitic Cloud                 Conjuration/Poison/Air       3
   d - Olgreb's Toxic Radiance        Poison                       4
   e - Venom Bolt                     Conjuration/Poison           5
Comestibles
 c - 2 bread rations


   Skills:
 + Level 0.1 Fighting
 + Level 3.6 Dodging
 * Level 4.0 Stealth
 - Level 0.1 Unarmed Combat
 + Level 3.4 Spellcasting
 - Level 1.0 Conjurations
 + Level 3.7 Poison Magic


You had 8 spell levels left.
You knew the following spells:

 Your Spells              Type           Power        Failure   Level  Hunger
a - Sting                 Conj/Pois      ##..         7%          1    None


Dungeon Overview and Level Annotations

Branches:
Dungeon (3/15)

Altars:


Innate Abilities, Weirdness & Mutations

You are very small and have problems with some larger weapons.
You are too small for most types of armour.
You have supernaturally acute eyesight. (SInv)
You are a herbivore.
You cover ground extremely quickly.
You need consume almost no food.


Message History

* * * LOW HITPOINT WARNING * * *
It was a potion of cancellation.
You feel magically purged.
It was a potion of flight.
You feel very buoyant.
You fly up into the air.
The jelly completely misses you.
You hit the jelly.
Your hands burn!
* * * LOW HITPOINT WARNING * * *
The jelly is moderately wounded.
The jelly barely misses you.
Casting: Sting
Confirm with . or Enter, or press ? or * to list all spells.
Aiming: Sting
Press: ? - help, Shift-Dir - straight line, f - jelly
Aim: a jelly (moderately wounded)
The sting hits the jelly.
The jelly is poisoned.
The jelly is moderately wounded.
The jelly hits you.
* * * LOW HITPOINT WARNING * * *
You are splashed with acid!
The acid burns!
You die... ########## #.P÷P....! #.....J.P. #..÷.JP... #.PJPJ.JJ÷

#.J....... #÷..J÷..P.
##J####### ##.JJ@..##
########.# #..%.'..##
#.# #....#### ..
#.......# ##..
#)......# # ##...
#.......# .#.#.#..♣.
#.......# ##.#.#......
##..)..###.....#..♣..g


You could see 2 jellies and an ooze.

Vanquished Creatures
  An adder (D:2)
  3 oozes (D:3)
  A worm (D:2)
  3 dart slugs (D:1)
  2 leopard geckos (D:1)
  3 bats
  2 goblins
  3 hobgoblins
  6 jackals
  12 kobolds
  3 rats (D:1)
39 creatures vanquished.

Vanquished Creatures (others)
  3 fungi (D:3)
  8 toadstools (D:3)
11 creatures vanquished.

Grand Total: 50 creatures vanquished

Notes
Turn   | Place    | Note
-------+----------+-------------------------------------------
     0 | D:1      | lemmily the Spriggan Venom Mage began the quest for the Orb.
     0 | D:1      | Reached XP level 1. HP: 9/9 MP: 5/5
   661 | D:1      | Reached XP level 2. HP: 13/13 MP: 2/7
  1200 | D:2      | Reached XP level 3. HP: 16/16 MP: 4/8
  1202 | D:2      | Reached skill level 1 in Conjurations
  2007 | D:3      | Reached skill level 4 in Stealth
  2027 | D:3      | Reached XP level 4. HP: 17/21 MP: 10/10
  2035 | D:3      | Splashed by a jelly's acid

Skill      XL: |  1  2  3 |
---------------+----------+-----
Spellcasting   | 3 |  3.4
Conjurations   | 1 |  1.0
Stealth        | 4 |  4.0
Fighting       | |  0.1
Dodging        | |  3.6
Unarmed Combat | |  0.1
Poison Magic   | |  3.7

Action                   |  1- 3 |  4- 6 || total
-------------------------+-------+-------++-------
Melee: Unarmed           |    22 |       ||    22
       Dagger            |    65 |     1 ||    66
       Club              |     8 |       ||     8
 Cast: Sting             |    49 |     1 ||    50
  Use: Potion            |       |     2 ||     2
 Stab: Sleeping          |     1 |       ||     1
Armor: Robe              |     8 |       ||     8
Dodge: Dodged            |    95 |     2 ||    97
